 Seeded DCSS version 0.29.1-1-gd02db6906a (webtiles) character file.

Game seed: 18446744073709551615 (custom seed)

530 lonewolfV2 the Ruffian (level 7, -4/67 HPs)
             Began as a Troll Fighter on Oct 20, 2022.
             Slain by an orc priest
             ... wielding a +0 war axe
              (11 damage)
             ... on level 4 of the Dungeon.
             The game lasted 00:04:54 (3214 turns).

lonewolfV2 the Ruffian (Troll Fighter)              Turns: 3214, Time: 00:04:55

Health: -4/67      AC:  4    Str: 27    XL:     7   Next: 3%
Magic:  6/6        EV:  9    Int:  4    God:
Gold:   218        SH:  8    Dex:  9    Spells: 6/6 levels left

rFire   . . .      SeeInvis .     - Unarmed
rCold   . . .      Faith    .   b - +1 kite shield
rNeg    . . .      Spirit   .   a - +0 robe
rPois   .          Reflect  .   (helmet restricted)
rElec   .          Harm     .   (no cloak)
rCorr   .          Rampage  .   (gloves unavailable)
Will    .....                   (boots unavailable)
Stlth   +.........              (no amulet)
HPRegen 1.01/turn               (no ring)
MPRegen 0.10/turn               (no ring)

@: no status effects
A: large, unfitting armour, claws 3, regeneration 1, shaggy fur 1, tough skin 1
a: no special abilities


You were on level 4 of the Dungeon.
You visited 1 branch of the dungeon, and saw 5 of its levels.

You collected 218 gold pieces.

Inventory:

Armour
 a - a +0 robe (worn)
 b - a +1 kite shield (worn)
Scrolls
 g - 5 scrolls of teleportation
 i - a scroll of noise
 l - a scroll of identify
 m - a scroll of magic mapping
Potions
 c - 2 potions of might
 d - a potion of invisibility {unknown}
 e - 3 potions of degeneration
 f - a potion of experience
 h - 2 potions of curing
 j - a potion of haste
 k - a potion of cancellation
 o - a potion of lignification {unknown}


   Skills:
 + Level 3.6 Fighting
 + Level 3.6 Dodging
 + Level 4.0 Shields
 * Level 5.0 Unarmed Combat


You had 6 spell levels left.
You didn't know any spells.
Your spell library contained the following spells:

 Spells                   Type           Power      Damage    Failure   Level
 Summon Guardian Golem    Hex/Summ       0%         N/A       98%         3
 Tukima's Dance           Hex            0%         N/A       98%         3
 Passage of Golubria      Tloc           0%         N/A       100%        4
 Yara's Violent Unravell  Hex/Tmut       0%         3d3       100%        5
 Orb of Destruction       Conj           0%         9d5       100%        7
 Spellforged Servitor     Conj/Summ      0%         N/A       100%        7


Dungeon Overview and Level Annotations

Branches:
Dungeon (5/15)
 Temple: D:4-7

Altars:
Nemelex Xobeh


Innate Abilities, Weirdness & Mutations

You are too large for most types of armour.
You have claws for hands.
Your natural rate of healing is unusually fast.
You are covered in fur. (AC +1)
You have tough skin. (AC +1)


Message History

Something hits you but does no damage.
An orc wizard appears from thin air!
Reactivating autopickup.
The orc priest attacks as you move away!
You block the orc priest's attack.
The orc wizard attacks as you move away!
You block the orc wizard's attack.
The orc priest attacks as you move away!
The orc priest hits you with a +0 war axe!
* * * LOW HITPOINT WARNING * * *
The orc wizard attacks as you move away!
The orc wizard hits you but does no damage.
The orc priest attacks as you move away!
The orc priest barely misses you.
There is a stone staircase leading up here.
The orc priest looks braver for a moment.
The orc wizard hits you but does no damage.
You climb upwards.
There is a stone staircase leading down here.
You claw the orc wizard!
You kill the orc wizard!
The orc priest mumbles some strange prayers to Beogh against you.
Beogh smites you!
* * * LOW HITPOINT WARNING * * *
You have reached level 7!
You are too injured to fight recklessly!
You feel better.
The orc priest hits you with a +0 war axe.
* * * LOW HITPOINT WARNING * * *
You are too injured to fight recklessly!
You are too injured to fight recklessly!
You are too injured to fight recklessly!
You are too injured to fight recklessly!
You closely miss the orc priest.
The orc priest hits you with a +0 war axe.
* * * LOW HITPOINT WARNING * * *
You scratch the orc priest.
The orc priest is moderately wounded.
The orc priest hits you with a +0 war axe!
You die...

.# #†# #...# .#
######.######...## .#
#..........##....### .#
#.####.##...#.<....# .#
#.#............#.#.#
.###.#.##.##...##.#.#.#
....#..##.###.###.#.#.#
##.###...........o#.#.#
..## ##.#.......@)....#
##.###.######.#####.###
###.#.## #..........# #
##.## #.##.#######
####.#####)##.#
...........##.#
####..........#
############


You could see an orc priest.

Vanquished Creatures
  A centaur (D:5)
  A bullfrog (D:4)
  2 orc priests (D:4)
  3 hounds
  2 iguanas
  2 orc wizards (D:4)
  5 adders
  A worm (D:2)
  A dart slug (D:5)
  15 orcs
  6 ball pythons
  4 endoplasms
  A giant cockroach (D:4)
  6 goblins
  5 hobgoblins
  7 jackals
  5 quokkas
  6 bats
  2 frilled lizards
  4 kobolds
  5 rats
84 creatures vanquished.

Notes
Turn   | Place    | Note
-------+----------+-------------------------------------------
     0 | D:1      | lonewolfV2 the Troll Fighter began the quest for the Orb.
     0 | D:1      | Reached XP level 1. HP: 22/22 MP: 0/0
   229 | D:1      | Reached XP level 2. HP: 29/29 MP: 1/1
   919 | D:2      | Reached XP level 3. HP: 12/36 MP: 2/2
   990 | D:2      | Found a faded altar of an unknown god.
  1118 | D:2      | Identified the +3 dagger "Wetunah" {vorpal, *Slow Int+3
                  | SInv}
  1168 | D:2      | You fall into a shaft and drop 1 floor!
  1211 | D:3      | Reached skill level 3 in Unarmed Combat
  1331 | D:3      | Reached XP level 4. HP: 44/44 MP: 3/3
  1572 | D:3      | Found a sparkling altar of Nemelex Xobeh.
  1697 | D:3      | Reached XP level 5. HP: 53/53 MP: 4/4
  1993 | D:4      | Reached skill level 4 in Unarmed Combat
  2057 | D:4      | Reached XP level 6. HP: 57/61 MP: 5/5
  2633 | D:5      | Entered Level 5 of the Dungeon
  3028 | D:5      | Reached skill level 5 in Unarmed Combat
  3211 | D:4      | HP: 3/61 [orc priest/divine providence (10)]
  3212 | D:4      | Reached XP level 7. HP: 3/67 MP: 6/6
  3214 | D:4      | Slain by an orc priest

Illustrated notes

Levels and vault maps discovered:
D:1:      dpeg_arrival_brainrot, layout_loops_ring
D:2:      layout_basic, hellmonk_ecumenical_altar_inner_sanctum,
          minmay_fountain_box, minmay_domino_2, uniq_natasha
D:3:      layout_loops_ring, nemelex_xobeh_ov_fountains_minmay,
          amcnicky_mini_pool_small
D:4:      layout_loops_ring, skrybe_limestone_x
D:5:      layout_gridville, grunt_ministairs_1

Skill      XL: |  1  2  3  4  5  6 |
---------------+-------------------+-----
Shields        | 3 4 |  4.0
Unarmed Combat | 3 4 5 |  5.0
Fighting       | 3 |  3.6
Dodging        | 3 |  3.6

Action                   |  1- 3 |  4- 6 |  7- 9 || total
-------------------------+-------+-------+-------++-------
Melee: Unarmed           |   114 |   126 |     2 ||   242
  Use: Scroll            |     5 |     7 |       ||    12
       Potion            |       |       |     1 ||     1
 Stab: Sleeping          |     1 |       |       ||     1
Armor: Robe              |    59 |    33 |       ||    92
Dodge: Dodged            |    65 |    53 |       ||   118
Block: Kite shield       |    53 |    56 |       ||   109
